 Dungeon Crawl Stone Soup version 0.31-a0-986-g5e6e4ef867 (webtiles) character file.

Game seed: 9009576369983254828

650 zenocrate the Sneak (level 7, 0/32 HPs)
             Began as a Vine Stalker Ice Elementalist on Nov 16, 2023.
             Was an Initiate of Gozag.
             Succumbed to a water moccasin's poison
             ... on level 5 of the Dungeon.
             The game lasted 00:04:17 (3506 turns).

zenocrate the Sneak (Vine Stalker Ice Elementalist) Turns: 3506, Time: 00:04:17

Health: 0/32       AC:  5    Str: 11    XL:     7   Next: 53%
Magic:  2/12       EV: 12    Int: 15    God:    Gozag
Gold:   164        SH:  0    Dex: 16    Spells: 5/12 levels left

rFire   . . .        b - +0 dagger (venom)
rCold   . . .        (no shield)
rNeg    . . .        c - +0 robe
rPois   .            y - +0 helmet
rElec   .            h - +0 cloak
rCorr   .            (no gloves)
SInv    .            n - +0 pair of boots
Will    .....        (no amulet)
Stlth   ++++         e - ring of wizardry
HPRegen 1.05/turn    (no ring)
MPRegen 0.13/turn

%: guardian spirit, wizardry (x1)
@: mighty, lethally poisoned (0 -> -3), attractive, hasted, very quick
A: fangs 2, regeneration 1, magic shield, antimagic bite, no potion heal 2
a: Renounce Religion, Potion Petition, Call Merchant, Bribe Branch


You were on level 5 of the Dungeon.
You worshipped Gozag.
Gozag was aware of your devotion.
You visited 2 branches of the dungeon, and saw 6 of its levels.

You collected 208 gold pieces.
You paid 44 gold pieces to Gozag.

Inventory:

Hand Weapons
 a - a +2 dagger of holy wrath
 b - a +0 dagger of venom (weapon)
Armour
 c - a +0 robe (worn)
 h - a +0 cloak (worn)
 n - a +0 pair of boots (worn)
 o - a scarf of harm
 y - a +0 helmet (worn)
Jewellery
 e - a ring of wizardry (left hand)
 j - a ring of flight
Wands
 q - a wand of iceblast (6)
Scrolls
 d - 7 scrolls of teleportation
 f - a scroll of blinking {unknown}
 g - 2 scrolls of poison
 k - a scroll of identify {unknown}
 l - a scroll of immolation {unknown}
 m - a scroll of noise {unknown}
 p - a scroll of revelation {unknown}
 r - a scroll of amnesia {unknown}
 s - a scroll of enchant armour {unknown}
 x - a scroll of silence {unknown}
Potions
 i - a potion of magic
 t - a potion of haste
 w - a potion of enlightenment {unknown}
 z - a potion of cancellation {unknown}
 A - a potion of degeneration {unknown}


   Skills:
 + Level 3.7 Short Blades
 - Level 1.5 Dodging
 * Level 7.9 Stealth
 - Level 3.1 Spellcasting
 - Level 4.6 Ice Magic


You had 5 spell levels left.
You knew the following spells:

 Your Spells              Type           Power      Damage    Failure   Level
a - Freeze                Ice            64%        1d7       1%          1
b - Frozen Ramparts       Ice            32%        1d5       3%          3
c - Ozocubu's Armour      Ice            16%        N/A       3%          3

Your spell library contained the following spells:

 Spells                   Type           Power      Damage    Failure   Level
 Cigotuvi's Dreadful Rot  Necr/Pois/Air  4%         N/A       12%         2
 Ignite Poison            Fire/Tmut/Pois 2%         N/A       24%         3
 Summon Ice Beast         Ice/Summ       9%         N/A       28%         4
 Freezing Cloud           Conj/Ice/Air   3%         6-21      71%         5


Dungeon Overview and Level Annotations

Branches:
Dungeon (5/15)             Temple (1/1) D:4

Altars:
Ashenzari
Cheibriados
Dithmenos
Elyvilon
Fedhas
Gozag
Hepliaklqana
Kikubaaqudgha
Makhleb
Nemelex Xobeh
Okawaru
Qazlal
Ru
Sif Muna
Trog
Uskayaw
Wu Jian
Xom
Zin
The Shining One

Shops:
D:1 [


Innate Abilities, Weirdness & Mutations

You have extremely sharp teeth.
Your natural rate of healing is unusually fast.
When hurt, damage is shared between your health and your magic reserves.
Your bite disrupts and absorbs the magic of your enemies.
Potions cannot restore your health.


Message History

You freeze the water moccasin.
The water moccasin is severely wounded.
The water moccasin seems to slow down.
You feel sick. The water moccasin barely misses you.
Casting: Freeze (safe; 1% risk of failure)
Confirm with . or Enter, or press ? or * to list all spells.
Aiming: Freeze (safe; 1% risk of failure)
Press: ? - help, Shift-Dir - straight line, f/p - water moccasin
Aim: a water moccasin (severely wounded, poisoned, slow)
You freeze the water moccasin.
The water moccasin is severely wounded.
You feel sick. The water moccasin bites you.
Unknown command.
Casting: Freeze (safe; 1% risk of failure)
Confirm with . or Enter, or press ? or * to list all spells.
Aiming: Freeze (safe; 1% risk of failure)
Press: ? - help, Shift-Dir - straight line, f/p - water moccasin
Aim: a water moccasin (severely wounded, poisoned, slow)
You freeze the water moccasin.
The water moccasin is almost dead.
The water moccasin seems to slow down.
You feel sick. The water moccasin bites you!
* * * LOW HITPOINT WARNING * * *
You are lethally poisoned!
The water moccasin poisons you!
It was a potion of haste.
You feel yourself speed up.
* * * LOW HITPOINT WARNING * * *
You feel very sick.
The water moccasin bites you but does no damage.
Unknown command.
Okay, then.
It was a potion of attraction.
You feel attractive to monsters.
* * * LOW HITPOINT WARNING * * *
You feel sick.
The water moccasin looks more healthy.
Unknown command.
It was a potion of might.
You feel very mighty all of a sudden.
You die...
Your body crumbles into a pile of gold.

# ##. #.. #...
+# #.#...####.#
...........#
#...S@<#
................
##.............#
#...####...#...
#... ...# ## #..
..... #. .#.#.#
#. +#.#.#


You could see a water moccasin (slow).

Vanquished Creatures
  An ogre (D:3)
  3 scorpions (D:4)
  2 hounds (D:4)
  An orc priest (D:4)
  Jessica (D:3)
  7 gnolls
  11 adders
  3 worms
  4 dart slugs
  3 orcs (D:4)
  10 ball pythons
  5 endoplasms
  8 giant cockroaches
  11 goblins
  5 hobgoblins
  14 jackals
  3 kobolds
  2 quokkas
  A frilled lizard (D:2)
  13 rats
108 creatures vanquished.

Notes
Turn   | Place    | Note
-------+----------+-------------------------------------------
     0 | D:1      | zenocrate the Vine Stalker Ice Elementalist began the quest
                  | for the Orb.
     0 | D:1      | Reached XP level 1. HP: 9/9 MP: 4/4
     1 | D:1      | Found a runed translucent door.
     5 | D:1      | Noticed an animated storm dragon scales
     6 | D:1      | Found Jarif's Armour Shoppe.
     8 | D:1      | Noticed an animated shadow dragon scales
   201 | D:1      | Reached XP level 2. HP: 13/13 MP: 6/6
   550 | D:1      | Reached skill level 3 in Stealth
   560 | D:1      | Reached XP level 3. HP: 16/16 MP: 7/7
   564 | D:1      | Learned a level 3 spell: Frozen Ramparts
   568 | D:1      | Learned a level 3 spell: Ozocubu's Armour
   755 | D:2      | Reached skill level 1 in Short Blades
  1129 | D:2      | Reached XP level 4. HP: 21/21 MP: 9/9
  1785 | D:3      | Reached XP level 5. HP: 18/24 MP: 8/10
  1788 | D:3      | Reached skill level 4 in Stealth
  1828 | D:3      | Noticed an ogre
  1838 | D:3      | Killed an ogre
  1839 | D:3      | Reached skill level 5 in Stealth
  2056 | D:3      | Noticed Jessica
  2070 | D:3      | Killed Jessica
  2071 | D:3      | Reached XP level 6. HP: 16/28 MP: 6/11
  2540 | D:4      | Reached skill level 6 in Stealth
  2571 | D:4      | Reached XP level 7. HP: 28/32 MP: 8/12
  2794 | D:4      | Found a staircase to the Ecumenical Temple.
  2817 | D:4      | Reached skill level 7 in Stealth
  3178 | Temple   | Entered the Ecumenical Temple
  3195 | Temple   | Became a worshipper of Gozag Ym Sagoz the Greedy
  3491 | D:5      | Entered Level 5 of the Dungeon
  3505 | D:5      | HP: 1/32 [poisoned by a water moccasin]
  3506 | D:5      | Succumbed to a water moccasin's poison

Illustrated notes

Levels and vault maps discovered:
D:1:      dpeg_arrival_caged_fury, layout_rooms, serial_shops,
          nicolae_shop_mannequins
D:2:      layout_loops_corners, minmay_heptomino_h4
D:3:      layout_basic, uniq_jessica
D:4:      layout_basic, minmay_temple_entry_drinking_statues
D:5:      layout_basic, gammafunk_ghost_cemetery, palyth_stone_intersect,
          ebering_dispersal_statue_hall, nicolae_titane, uniq_ijyb, uniq_edmund,
          uniq_duvessa
Temple:   nicolae_temple_bog_church

Skill      XL: |  1  2  3  4  5  6  7 |
---------------+----------------------+-----
Stealth        | 3 5 6 7 |  7.9
Short Blades   | 1 2 3 |  3.7
Spellcasting   | 3 |  3.1
Dodging        | |  1.5
Ice Magic      | |  4.6

Action                     |  1- 3 |  4- 6 |  7- 9 || total
---------------------------+-------+-------+-------++-------
  Melee: Dagger            |   116 |   116 |    52 ||   284
         Bite              |    34 |    37 |    16 ||    87
         Punch             |       |     3 |     2 ||     5
   Cast: Freeze            |    13 |     1 |     4 ||    18
         Frozen Ramparts   |       |     2 |     3 ||     5
         Ozocubu's Armour  |       |       |     1 ||     1
    Use: Scroll            |     1 |     1 |       ||     2
         Potion            |       |       |     3 ||     3
   Stab: Sleeping          |     5 |     9 |     4 ||    18
         Distracted        |       |     1 |       ||     1
 Armour: Robe              |    70 |    48 |    35 ||   153
  Dodge: Dodged            |    84 |    56 |    30 ||   170

Table legend: (Time is in decaauts)
 A = Elapsed time spent in this place.
 B = Non-inter-level travel time spent in this place.
 C = Inter-level travel time spent in this place.
 D = Time resting spent in this place.
 E = Time spent auto-exploring this place.
 F = Levels seen in this place.
 G = Mean time per level.
                   A        B        C        D        E       F      G
               +--------+--------+--------+--------+--------+-----+--------+
         Total |   3480 |   3212 |    268 |     73 |   2384 |   6 |  580.0 |
       Dungeon |   3444 |   3204 |    240 |     73 |   2384 |   5 |  688.8 |
        Temple |     36 |      8 |     28 |      0 |      0 |   1 |   36.0 |
               +--------+--------+--------+--------+--------+-----+--------+

Top non-repeatable levels by time:
     D:2: 1104 daAuts
     D:4: 953 daAuts
     D:3: 788 daAuts
     D:1: 585 daAuts
  Temple: 36 daAuts
     D:5: 13 daAuts
